 Dungeon Crawl Stone Soup version 0.22.1-6-g1668fe2c40 (webtiles) character file.

258848 tensugalgo the Nimble (level 19, -13/134 HPs)
             Began as a Gnoll Gladiator on Jan 20, 2019.
             Was the Champion of Hepliaklqana.
             Mangled by an iron troll (16 damage)
             ... on level 1 of the Depths.
             The game lasted 01:52:18 (43425 turns).

tensugalgo the Nimble (Gnoll Gladiator)            Turns: 43425, Time: 01:52:19

Health: -13/134    AC: 23    Str: 22    XL:     19   Next: 88%
Magic:  33/35      EV: 22    Int: 10    God:    Hepliaklqana [******]
Gold:   1974       SH: 11    Dex: 19    Spells: 31/43 levels left

rFire    + + .     SeeInvis .   Z - +7 broad axe (freeze)
rCold    . . .     Gourm    .   l - +0 buckler of Anarchy {Stlth+}
rNeg     + . .     Faith    .   A - +2 swamp dragon scales
rPois    +         Spirit   .   t - +2 helmet
rElec    .         Reflect  +   Q - +0 cloak
rCorr    +         Harm     .   d - +1 pair of gloves of Supple Strength {rF++ Str+3 Dex-4}
MR       +....                  X - +1 pair of boots {Stlth+}
Stlth    +++++++...             u - +3 amulet of reflection
HPRegen  1.32/turn              s - ring of positive energy
MPRegen  0.24/turn              G - ring of resist corrosion

@: regenerating
A: distributed training, reduced essence, fangs 1, strong nose
}: 2/15 runes: decaying, gossamer
a: Recall Ancestor, Ancestor Identity, Transference, Idealise, Renounce Religion


You were on level 1 of the Depths.
You worshipped Hepliaklqana.
Hepliaklqana was exalted by your worship.
You were not hungry.

You visited 6 branches of the dungeon, and saw 32 of its levels.

You collected 3129 gold pieces.
You spent 1155 gold pieces at shops.

Inventory:

Hand Weapons
 m - the +3 sling "Punk" {acid, rCorr}
   (You found it on level 11 of the Dungeon)

   It provides partial protection from all sources of acid and corrosion.
 w - the +1 rapier "Kiunwefe" {freeze, rElec rN++ Str-3}
   (You found it on level 4 of the Spider Nest)

   It has been specially enchanted to freeze those struck by it, causing extra
   injury to most foes and up to half again as much damage against particularly
   susceptible opponents.
   It can also slow down cold-blooded creatures.
   It affects your strength (-3).
   It insulates you from electricity.
   It greatly protects you from negative energy.
 Z - a +7 broad axe of freezing (weapon)
Missiles
 g - 46 sling bullets
Armour
 d - the +1 pair of gloves of Supple Strength (worn) {rF++ Str+3 Dex-4}
   (You found it on level 11 of the Dungeon)

   It affects your strength (+3).
   It affects your dexterity (-4).
   It greatly protects you from fire.
 l - the +0 buckler of Anarchy (worn) {Stlth+}
   (You acquired it on level 4 of the Swamp)

   It makes you more stealthy.
 t - a +2 helmet (worn)
 v - the +4 leather armour of Jimogo {rC+ Slay+3}
   (You found it on level 14 of the Dungeon)

   It affects your accuracy and damage with ranged weapons and melee attacks
   (+3).
   It protects you from cold.
 A - +2 swamp dragon scales (worn)
 Q - a +0 cloak (worn)
 X - a +1 pair of boots of stealth (worn)
Jewellery
 a - an uncursed ring of ice
 k - an uncursed ring of see invisible
 s - a ring of positive energy (left hand)
 u - a +3 amulet of reflection (around neck)
 B - an uncursed ring of poison resistance
 E - an uncursed ring of protection from magic
 G - a ring of resist corrosion (right hand)
 K - an uncursed ring of protection from fire
Wands
 j - a wand of digging (23)
 z - a wand of polymorph (42)
 L - a wand of clouds (3)
 M - a wand of disintegration (24)
 N - a wand of flame (120)
 R - a wand of iceblast (27)
 T - a wand of paralysis (6)
 W - a wand of acid (25)
Scrolls
 b - a scroll of blinking
 c - 4 scrolls of enchant armour
 i - 3 scrolls of amnesia
 n - 11 scrolls of remove curse
 o - 4 scrolls of fear
 y - 11 scrolls of teleportation
 C - 4 scrolls of magic mapping
 S - 5 scrolls of fog
Potions
 e - 2 potions of brilliance
 h - 4 potions of berserk rage
 p - 5 potions of mutation
 q - 22 potions of curing
 r - 6 potions of haste
 x - 3 potions of agility
 F - a potion of might
 I - a potion of heal wounds
 O - a potion of magic
 U - a potion of resistance
 V - 2 potions of flight
 Y - 2 potions of cancellation
Miscellaneous
 D - a lamp of fire (inert)
 H - a fan of gales
 J - a lightning rod (4/4)
 P - a box of beasts
Comestibles
 f - 43 rations


   Skills:
 + Level 13.2 Fighting
 + Level 12.5 Short Blades
 + Level 12.5 Long Blades
 + Level 13.9 Axes
 + Level 12.5 Maces & Flails
 + Level 12.5 Polearms
 + Level 12.5 Staves
 + Level 12.5 Slings
 + Level 12.5 Bows
 + Level 12.5 Crossbows
 + Level 13.2 Throwing
 + Level 12.5 Armour
 + Level 13.9 Dodging
 + Level 12.5 Stealth
 + Level 12.5 Shields
 + Level 12.5 Unarmed Combat
 + Level 12.5 Spellcasting
 + Level 10.8 Conjurations
 + Level 10.8 Hexes
 + Level 10.8 Charms
 + Level 10.8 Summonings
 + Level 10.8 Necromancy
 + Level 10.8 Translocations
 + Level 10.8 Transmutations
 + Level 10.8 Fire Magic
 + Level 10.8 Ice Magic
 + Level 10.8 Air Magic
 + Level 10.8 Earth Magic
 + Level 10.8 Poison Magic
 + Level 13.5 Invocations
 + Level 12.5 Evocations


You had 31 spell levels left.
You knew the following spells:

 Your Spells              Type           Power        Failure   Level  Hunger
a - Regeneration          Chrm/Necr      ####......   1%          3    ##.....
b - Animate Dead          Necr           N/A          1%          4    ####...
c - Bolt of Magma         Conj/Fire/Erth ####......   4%          5    #####..

Your spell library contained the following spells:

 Spells                   Type           Power        Failure   Level  Hunger
 Animate Skeleton         Necr           N/A          1%          1    None
 Apportation              Tloc           ####..       1%          1    None
 Confusing Touch          Hex            ####..       1%          1    None
 Pain                     Necr           ####         1%          1    None
 Summon Butterflies       Summ           ####....     1%          1    None
 Summon Small Mammal      Summ           ####         1%          1    None
 Lesser Beckoning         Tloc           ####......   1%          3    ##.....
 Tukima's Dance           Hex            ####....     1%          3    ##.....
 Vampiric Draining        Necr           ####......   1%          3    ##.....
 Ice Form                 Ice/Tmut       ####....     1%          4    ####...
 Leda's Liquefaction      Hex/Erth       ####......   1%          4    ####...
 Alistair's Intoxication  Tmut/Pois      ####....     4%          5    #####..
 Metabolic Englaciation   Hex/Ice        ####......   4%          5    #####..
 Bolt of Cold             Conj/Ice       ####......   26%         6    #######
 Freezing Cloud           Conj/Ice/Air   ####......   26%         6    #######
 Invisibility             Hex            ####....     26%         6    #######
 Iron Shot                Conj/Erth      ####......   26%         6    #######
 Ozocubu's Refrigeration  Ice            ####......   26%         6    #######
 Simulacrum               Ice/Necr       ####......   26%         6    #######
 Statue Form              Tmut/Erth      ####.....    26%         6    #######
 Shatter                  Erth           ####......   100%        9    #######


Dungeon Overview and Level Annotations

Branches:
Dungeon (15/15)            Temple (0/1) D:7            Lair (6/6) D:10
  Swamp (4/4) Lair:2       Spider (4/4) Lair:4        Slime (0/5) Lair:5
    Orc (2/2) D:11            Elf (0/3) Orc:2        Vaults (0/5) D:13
 Depths (1/5) D:15

Altars:
Elyvilon
Fedhas
Hepliaklqana
Kikubaaqudgha
Makhleb
Vehumet
Wu Jian
Beogh
Jiyva

Shops:
D:5 (   D:9 *   D:10 :   D:14 %   Orc:2 [:??:

Portals:
Hell: Depths:1
Abyss: Depths:1
Pandemonium: Orc:2

Annotations:
D:5 exclusion: oklob plant
Spider:2 1 exclusion
Depths:1 Sojobo


Innate Abilities, Weirdness & Mutations

Your experience applies equally to all skills.
You have very sharp teeth.
Your uncanny sense of smell can sniff out nearby items.
Your life essence is reduced to manifest your ancestor. (-10% HP)


Message History

The two-headed ogre hits you with a giant club!
* * * LOW HITPOINT WARNING * * *
You block the two-headed ogre's attack.
Unknown command.
Unknown command.
Unknown command.
You completely miss the iron troll.
You bite the iron troll, but do no damage.
The iron troll is heavily wounded.
You hit something. You freeze something.
Reactivating autopickup.
You feel a bit more experienced.
You slash the two-headed ogre! You freeze the two-headed ogre.
You hit the iron troll. You freeze the iron troll.
You block the iron troll's attack. The iron troll claws you.
* * * LOW HITPOINT WARNING * * *
The iron troll misses you. The iron troll bites you!!
* * * LOW HITPOINT WARNING * * *
You block the iron troll's attack. The iron troll claws you!
You die...

##...≈≈≈≈.≈≈ ##...≈≈≈≈..≈≈
#....≈≈TT.≈≈≈ ...≈≈≈≈.≈≈≈
#########..≈≈≈...≈
###..##(.##.O≈≈≈≈≈..
##.....()).#...C≈≈...
#....T##.....)>≈...≈.
##..@T...≈)≈≈≈...≈≈≈≈
###.(.O§§§≈≈..≈≈≈.≈≈≈≈≈
##..(.....§§§≈..≈..≈≈≈≈≈
#...≈......§§§§...≈≈≈≈≈≈ #
#####÷.......≈..§§..≈≈≈≈≈≈≈≈
###
##............≈≈≈§≈§........
..#
#..([...∩.....≈≈≈§§§.###..#
..###...)..[.......≈≈≈§..#
## ≈≈......<..........≈≈≈≈..


You could see 2 iron trolls and a two-headed ogre.

Vanquished Creatures
  the Lernaean hydra (Swamp:4)
  The ghost of lex98 the Warrior, a journeyman MiBe of Trog (D:14)
  2 emperor scorpions
  3 ghost moths (Spider:4)
  A very ugly thing (Swamp:2)
  A stone giant (Depths:1)
  A vampire knight (D:15)
  6 entropy weavers
  An ettin (D:15)
  2 vault guards (D:13)
  10 hydras
  2 centaur warriors
  2 alligators
  9 death yaks (Lair:6)
  3 ogre magi
  12 two-headed ogres
  A tengu warrior (Depths:1)
  A catoblepas (Lair:6)
  A deep troll shaman (Depths:1)
  A queen ant (Spider:2)
  2 deep troll earth magi
  2 orc high priests (Orc:2)
  Urug (Lair:3)
  A gelid demonspawn (Orc:2)
  A torturous demonspawn (Orc:2)
  7 deep trolls
  A shambling mangrove (Swamp:1)
  3 orc knights
  7 swamp dragons
  14 orb spiders
  3 ugly things
  4 orc sorcerers
  19 wolf spiders
  Maurice (D:9)
  A moth of wrath (Spider:2)
  4 manticores
  2 black mambas
  4 elephants
  2 torpor snails
  A rust devil (Orc:2)
  A smoke demon (Orc:2)
  9 spiny frogs
  An orange demon (Orc:2)
  2 rime drakes (Lair:4)
  A komodo dragon (Lair:5)
  4 yaktaurs
  4 kobold demonologists
  A hellwing (Orc:2)
  A tengu conjurer (D:13)
  8 trolls
  9 demonic crawlers
  20 jumping spiders
  12 hornets
  4 tyrant leeches
  2 polar bears
  11 slime creatures
  5 bog bodies (Swamp:4)
  2 blink frogs
  4 dream sheep
  A meliai zombie (D:14)
  The ghost of Flure the Twirler, an amateur TeGl (D:4)
  6 hippogriffs
  4 wyverns
  60 redbacks
  11 spriggans
  28 tarantellas
  3 water elementals (Depths:1)
  A vampire (D:14)
  Sigmund (D:2)
  A wraith (D:12)
  A ynoxinul (Orc:2)
  2 basilisks
  22 yaks
  A human (D:13)
  A chaos spawn (Orc:2)
  A fire bat (Orc:1)
  9 vampire mosquitoes
  2 wargs (Orc:2)
  6 insubstantial wisps
  7 swamp worms
  4 soldier ants
  An acid dragon (D:13)
  10 water moccasins
  6 porcupines
  A slave (D:8)
  3 sky beasts
  19 orc warriors
  2 ice beasts
  7 swamp drakes
  A black bear (D:13)
  4 phantoms
  A wolf (Lair:4)
  3 boggarts (Lair:3)
  5 centaurs
  13 ogres
  8 crocodiles
  7 big kobolds
  9 bullfrogs
  2 scorpions
  4 killer bees (D:9)
  A wight (D:10)
  2 electric eels (Lair:1)
  A howler monkey (D:5)
  6 crimson imps
  A bullfrog zombie (D:11)
  5 hounds
  4 centaur skeletons
  2 bullfrog skeletons
  3 jellies
  26 orc priests
  16 orc wizards
  6 iguanas
  A hell rat (D:10)
  9 worker ants
  A hound skeleton (D:4)
  A howler monkey zombie (D:5)
  Robin (D:3)
  5 gnolls
  2 howler monkey skeletons
  10 adders
  A river rat (D:10)
  4 shadow imps
  An adder zombie (D:6)
  3 adder skeletons
  4 worms
  A dart slug (D:2)
  5 leopard geckos
  82 orcs
  2 ball pythons
  4 giant cockroaches
  19 goblins
  12 hobgoblins
  13 jackals
  23 kobolds
  6 quokkas
  4 bats
  4 frilled lizards
  A leopard gecko skeleton (D:7)
  A quokka zombie (D:6)
  10 rats
  A butterfly (Lair:2)
  A fire vortex (Orc:1)
  A fungus (D:10)
  2 plants (Lair:5)
829 creatures vanquished.

Vanquished Creatures (collateral kills)
  Gastronok (D:9)
  The ghost of Flure the Warrior, an adept TeFi of the Shining One (Spider:4)
  2 thorn hunters
  Louise (Spider:4)
  2 ghost moths
  The ghost of Ihlosi the Destroyer, an adept KoFE of Vehumet (Swamp:3)
  An orc warlord (Orc:1)
  3 entropy weavers
  2 spark wasps
  An ettin (Depths:1)
  13 hydras
  3 vault guards (D:13)
  2 centaur warriors
  2 catoblepae (Lair:6)
  A ghost crab (Swamp:4)
  A two-headed ogre (Depths:1)
  2 ogre magi
  An alligator (Swamp:3)
  A deep troll shaman (Depths:1)
  5 death yaks
  4 orc high priests (Orc:2)
  The ghost of Dickchan the Ogre Mage, a novice OgWz (D:7)
  An iron troll (D:15)
  2 swamp dragons
  2 deep trolls
  An unseen horror (D:13)
  An infernal demonspawn (Orc:2)
  Pikel (D:9)
  11 wolf spiders
  2 orc knights (Orc:2)
  2 ugly things
  6 orb spiders
  5 orc sorcerers
  A cyclops (D:12)
  5 elephants
  A moth of wrath (Spider:4)
  2 centaur zombies
  2 black mambas (Lair:4)
  2 torpor snails (Spider:3)
  An eye of devastation (D:11)
  8 spiny frogs
  4 demonic crawlers
  A kobold demonologist (D:13)
  An orange demon (Orc:2)
  A komodo dragon (shapeshifter) (D:15)
  5 komodo dragons
  An ice devil (Orc:2)
  A troll (D:13)
  3 tyrant leeches
  8 jumping spiders
  3 blink frogs (Lair:1)
  7 bog bodies
  4 hornets
  A polar bear (Lair:5)
  4 hippogriffs
  5 dream sheep
  7 slime creatures
  29 redbacks
  30 yaks
  2 water elementals (Depths:1)
  3 wyverns
  2 shadows
  4 tarantellas
  4 spriggans
  3 basilisks
  A hungry ghost (D:9)
  2 fire bats (Orc:1)
  5 vampire mosquitoes
  9 swamp worms
  4 insubstantial wisps
  5 water moccasins
  A soldier ant (Spider:2)
  4 sky beasts
  2 porcupines
  2 slaves (D:9)
  5 swamp drakes
  An eye of draining (D:12)
  3 phantoms
  3 ice beasts
  6 ogres
  8 orc warriors
  3 centaurs
  5 wolves (Lair:4)
  8 crocodiles
  A big kobold (D:8)
  4 bullfrogs
  2 scorpions
  A killer bee (D:9)
  3 wights (D:10)
  A howler monkey (D:13)
  A jelly (D:6)
  4 crimson imps
  4 centaur skeletons
  2 hounds
  7 orc priests
  8 orc wizards
  An iguana (D:8)
  2 worker ants
  A hell rat (D:10)
  2 gnolls
  An adder (D:8)
  A river rat (D:10)
  A leopard gecko (D:6)
  14 orcs
  2 jackals (D:9)
  4 quokkas
  2 kobolds
  A fungus (Lair:5)
  A plant (Lair:5)
388 creatures vanquished.

Vanquished Creatures (others)
  A spark wasp (Spider:4)
  A tengu warrior (D:15)
  Sonja (Orc:1)
  A swamp dragon (Swamp:4)
  A dream sheep (Lair:6)
  A slime creature (D:11)
  An orc warrior (Orc:1)
  A centaur (D:11)
  An orc wizard (D:13)
  41 battlemagi
  5 ancestors
  An orc (Orc:2)
  A kobold (D:14)
  12 fungi
  3 plants
72 creatures vanquished.

Grand Total: 1289 creatures vanquished

Notes
Turn   | Place    | Note
-------+----------+-------------------------------------------
     0 | D:1      | tensugalgo the Gnoll Gladiator began the quest for the Orb.
     0 | D:1      | Reached XP level 1. HP: 20/20 MP: 1/1
   130 | D:1      | Reached XP level 2. HP: 23/26 MP: 2/2
   445 | D:1      | Reached XP level 3. HP: 31/31 MP: 3/3
  1046 | D:2      | Found a white marble altar of Elyvilon.
  1081 | D:2      | Reached skill level 1 in Invocations
  1122 | D:2      | Noticed Sigmund
  1125 | D:2      | Reached skill level 1 in Short Blades
  1125 | D:2      | Reached skill level 1 in Long Blades
  1125 | D:2      | Reached skill level 1 in Maces & Flails
  1125 | D:2      | Reached skill level 1 in Polearms
  1125 | D:2      | Reached skill level 1 in Staves
  1125 | D:2      | Reached skill level 1 in Slings
  1125 | D:2      | Reached skill level 1 in Bows
  1125 | D:2      | Reached skill level 1 in Crossbows
  1125 | D:2      | Reached skill level 1 in Armour
  1125 | D:2      | Reached skill level 1 in Stealth
  1125 | D:2      | Reached skill level 1 in Shields
  1125 | D:2      | Reached skill level 1 in Unarmed Combat
  1125 | D:2      | Reached skill level 1 in Spellcasting
  1125 | D:2      | Reached skill level 1 in Evocations
  1136 | D:2      | Reached XP level 4. HP: 14/38 MP: 5/5
  1137 | D:2      | Killed Sigmund
  1137 | D:2      | Reached skill level 1 in Conjurations
  1137 | D:2      | Reached skill level 1 in Hexes
  1137 | D:2      | Reached skill level 1 in Charms
  1137 | D:2      | Reached skill level 1 in Summonings
  1137 | D:2      | Reached skill level 1 in Necromancy
  1137 | D:2      | Reached skill level 1 in Translocations
  1137 | D:2      | Reached skill level 1 in Transmutations
  1137 | D:2      | Reached skill level 1 in Fire Magic
  1137 | D:2      | Reached skill level 1 in Ice Magic
  1137 | D:2      | Reached skill level 1 in Air Magic
  1137 | D:2      | Reached skill level 1 in Earth Magic
  1137 | D:2      | Reached skill level 1 in Poison Magic
  1137 | D:2      | Reached XP level 5. HP: 17/43 MP: 5/7
  1137 | D:2      | Reached XP level 6. HP: 19/50 MP: 5/8
  1335 | D:2      | Found an ornate altar of the Wu Jian Council.
  2218 | D:3      | Noticed Robin
  2223 | D:3      | Reached skill level 5 in Fighting
  2223 | D:3      | Reached skill level 5 in Throwing
  2233 | D:3      | Killed Robin
  2893 | D:4      | Found a runed door.
  2895 | D:4      | Noticed Flure's ghost (amateur TeGl)
  2976 | D:4      | Reached XP level 7. HP: 56/56 MP: 10/10
  3210 | D:4      | Found a burning altar of Makhleb.
  3652 | D:5      | Entered Level 5 of the Dungeon
  3654 | D:5      | Found Vof Baun's Antique Weapon Emporium.
  3689 | D:5      | Reached XP level 8. HP: 49/63 MP: 10/12
  4018 | D:5      | Found a hazy altar of Hepliaklqana.
  4091 | D:5      | Became a worshipper of Hepliaklqana the Forgotten
  4337 | D:5      | Found a blossoming altar of Fedhas.
  4349 | D:5      | Noticed an oklob plant
  4825 | D:6      | HP: 2/57 [orc warrior/mace of protection (14)]
  5371 | D:6      | Got a crude robe
  5446 | D:6      | Reached XP level 9. HP: 31/62 MP: 14/14
  6433 | D:7      | Identified the +0 robe of Hangman {rC+ Str-2 Int+4 Stlth+}
                  | (You found it on level 6 of the Dungeon)
  7116 | D:7      | Found an ancient bone altar of Kikubaaqudgha.
  7153 | D:7      | Found a large runed door.
  7153 | D:7      | Found a large runed door.
  7192 | D:7      | Noticed Dickchan's ghost (novice OgWz)
  7225 | D:7      | Reached * piety under Hepliaklqana
  7246 | D:7      | Found a staircase to the Ecumenical Temple.
  7305 | D:7      | Killed Dickchan's ghost
  7305 | D:7      | Reached skill level 5 in Invocations
  7305 | D:7      | Reached XP level 10. HP: 42/69 MP: 15/17
  7748 | D:8      | Reached skill level 5 in Short Blades
  7748 | D:8      | Reached skill level 5 in Long Blades
  7748 | D:8      | Reached skill level 5 in Maces & Flails
  7748 | D:8      | Reached skill level 5 in Polearms
  7748 | D:8      | Reached skill level 5 in Staves
  7748 | D:8      | Reached skill level 5 in Slings
  7748 | D:8      | Reached skill level 5 in Bows
  7748 | D:8      | Reached skill level 5 in Crossbows
  7748 | D:8      | Reached skill level 5 in Armour
  7748 | D:8      | Reached skill level 5 in Stealth
  7748 | D:8      | Reached skill level 5 in Shields
  7748 | D:8      | Reached skill level 5 in Unarmed Combat
  7748 | D:8      | Reached skill level 5 in Spellcasting
  7748 | D:8      | Reached skill level 5 in Evocations
  7909 | D:8      | Found a radiant altar of Vehumet.
  8428 | D:9      | Found Leprytiu's General Store.
  8511 | D:9      | Noticed Maurice
  8525 | D:9      | Noticed a two-headed ogre
  8547 | D:9      | Killed a two-headed ogre
  8567 | D:9      | Killed Maurice
  9157 | D:9      | Reached ** piety under Hepliaklqana
  9158 | D:9      | Remembered your ancestor Iltani as a battlemage
  9198 | D:9      | Noticed Gastronok
  9200 | D:9      | Noticed Pikel
  9390 | D:9      | Killed Pikel
  9434 | D:9      | Reached XP level 11. HP: 69/75 MP: 19/19
  9533 | D:9      | Killed Gastronok
  9533 | D:9      | Reached skill level 5 in Conjurations
  9533 | D:9      | Reached skill level 5 in Hexes
  9533 | D:9      | Reached skill level 5 in Charms
  9533 | D:9      | Reached skill level 5 in Summonings
  9533 | D:9      | Reached skill level 5 in Necromancy
  9533 | D:9      | Reached skill level 5 in Translocations
  9533 | D:9      | Reached skill level 5 in Transmutations
  9533 | D:9      | Reached skill level 5 in Fire Magic
  9533 | D:9      | Reached skill level 5 in Ice Magic
  9533 | D:9      | Reached skill level 5 in Air Magic
  9533 | D:9      | Reached skill level 5 in Earth Magic
  9533 | D:9      | Reached skill level 5 in Poison Magic
  9562 | D:9      | Got a dazzling dagger
  9845 | D:10     | Entered Level 10 of the Dungeon
  9944 | D:10     | Found Zaumaj's Book Emporium.
 10026 | D:10     | Found a staircase to the Lair.
 10026 | D:10     | Noticed a death yak
 10026 | D:10     | Noticed a death yak
 10032 | D:10     | Noticed a death yak
 10038 | D:10     | Killed a death yak
 10807 | Lair:1   | Entered Level 1 of the Lair of Beasts
 11414 | Lair:1   | Noticed a six-headed hydra
 11424 | Lair:1   | Killed a six-headed hydra
 11689 | Lair:1   | Reached XP level 12. HP: 59/83 MP: 22/22
 11949 | Lair:1   | Reached *** piety under Hepliaklqana
 12387 | Lair:2   | Noticed Urug
 13291 | Lair:2   | Found a staircase to the Swamp.
 14360 | Lair:3   | Killed Urug
 14440 | Lair:3   | Reached skill level 10 in Axes
 14440 | Lair:3   | Reached skill level 10 in Dodging
 14595 | Lair:3   | Identified the cursed +0 dagger of Optimality {pierce,
                  | Dex+4} (You found it on level 9 of the Dungeon)
 14884 | Lair:3   | Noticed a spriggan rider
 14913 | Lair:3   | Noticed a spriggan rider
 14917 | Lair:3   | Reached XP level 13. HP: 15/90 MP: 24/24
 15827 | Lair:3   | Learned a level 3 spell: Regeneration
 15832 | Lair:3   | Learned a level 4 spell: Animate Dead
 16565 | Lair:4   | Reached **** piety under Hepliaklqana
 16754 | Lair:4   | Found a hole to the Spider Nest.
 17532 | Lair:5   | Found a staircase to the Slime Pits.
 17532 | Lair:5   | Found a viscous altar of Jiyva.
 17605 | Lair:5   | You fall through a shaft!
 17605 | Lair:6   | Entered Level 6 of the Lair of Beasts
 18013 | Lair:6   | Reached ***** piety under Hepliaklqana
 18264 | Lair:6   | Reached XP level 14. HP: 98/98 MP: 26/26
 19080 | Lair:6   | Reached skill level 10 in Fighting
 19080 | Lair:6   | Reached skill level 10 in Throwing
 19531 | Lair:6   | Got a jewelled great sword
 20618 | D:11     | Found a viscous altar of Jiyva.
 20619 | D:11     | Found the +3 sling "Punk" {acid, rCorr}
 20658 | D:11     | Reached skill level 10 in Invocations
 20747 | D:11     | Found a transporter.
 20792 | D:11     | Identified the +11 great sword of Cruel Justice {venom,
                  | Int+3} (You found it on level 6 of the Lair of Beasts)
 20875 | D:11     | Found a staircase to the Orcish Mines.
 20882 | D:11     | Found a roughly hewn altar of Beogh.
 21226 | D:11     | Found a transporter.
 21306 | D:11     | Got a pair of warped gloves
 21752 | D:11     | Identified the +1 pair of gloves of Supple Strength {rF++
                  | Str+3 Dex-4} (You found it on level 11 of the Dungeon)
 21824 | Orc:1    | Entered Level 1 of the Orcish Mines
 21968 | Orc:1    | Found a roughly hewn altar of Beogh.
 22229 | Orc:1    | Found a roughly hewn altar of Beogh.
 22231 | Orc:1    | Reached ****** piety under Hepliaklqana
 22269 | Orc:1    | Noticed Sonja
 22271 | Orc:1    | Killed Sonja
 22489 | Orc:1    | Paralysed by an orc sorcerer for 5 turns
 22608 | Orc:2    | Entered Level 2 of the Orcish Mines
 22626 | Orc:2    | Noticed an orc warlord
 23021 | Orc:1    | Killed an orc warlord
 23204 | Orc:2    | Found Coneof's Book Boutique.
 23648 | Orc:2    | Paralysed by an orc sorcerer for 4 turns
 23716 | Orc:2    | Found Seemeniy's Magic Scroll Emporium.
 23725 | Orc:2    | Reached XP level 15. HP: 105/105 MP: 28/28
 23800 | Orc:2    | Found Kamighys's Magic Scroll Shoppe.
 23860 | Orc:2    | Bought a scroll of magic mapping for 42 gold pieces
 24200 | Orc:2    | Paralysed by an orc sorcerer for 5 turns
 24839 | Orc:2    | Found a staircase to the Elven Halls.
 25460 | Orc:2    | Found Bawih's Book Shop.
 25460 | Orc:2    | Found Kaoskil's Antique Armour Boutique.
 25471 | Orc:2    | Found a one-way gate leading to the halls of Pandemonium.
 25475 | Orc:2    | Bought shiny swamp dragon scales for 1113 gold pieces
 26084 | D:13     | Found a runed door.
 26137 | D:13     | Reached skill level 10 in Short Blades
 26137 | D:13     | Reached skill level 10 in Long Blades
 26137 | D:13     | Reached skill level 10 in Maces & Flails
 26137 | D:13     | Reached skill level 10 in Polearms
 26137 | D:13     | Reached skill level 10 in Staves
 26137 | D:13     | Reached skill level 10 in Slings
 26137 | D:13     | Reached skill level 10 in Bows
 26137 | D:13     | Reached skill level 10 in Crossbows
 26137 | D:13     | Reached skill level 10 in Armour
 26137 | D:13     | Reached skill level 10 in Stealth
 26137 | D:13     | Reached skill level 10 in Shields
 26137 | D:13     | Reached skill level 10 in Unarmed Combat
 26137 | D:13     | Reached skill level 10 in Spellcasting
 26137 | D:13     | Reached skill level 10 in Evocations
 26370 | D:13     | Found a runed door.
 26557 | D:13     | Found a gate to the Vaults.
 27872 | D:14     | Got a steaming leather armour
 27895 | D:14     | Identified the +4 leather armour of Jimogo {rC+ Slay+3}
                  | (You found it on level 14 of the Dungeon)
 28063 | D:14     | Found a runed door.
 28068 | D:14     | Noticed lex98's ghost (journeyman MiBe)
 28184 | D:14     | Reached XP level 16. HP: 112/112 MP: 30/30
 28648 | D:14     | Found Nudajetits's Food Shop.
 28778 | D:14     | Killed lex98's ghost
 28810 | D:15     | Entered Level 15 of the Dungeon
 29100 | D:15     | Found a staircase to the Depths.
 29162 | D:15     | Reached XP level 17. HP: 114/117 MP: 31/31
 30204 | Spider:1 | Entered Level 1 of the Spider Nest
 33587 | Spider:2 | Reached XP level 18. HP: 126/126 MP: 33/33
 34719 | Spider:4 | Entered Level 4 of the Spider Nest
 34977 | Spider:4 | Found a runed door.
 34977 | Spider:4 | Noticed Flure's ghost (adept TeFi)
 34992 | Spider:4 | Killed Flure's ghost
 35109 | Spider:4 | Identified the +1 rapier "Kiunwefe" {freeze, rElec rN++
                  | Str-3} (You found it on level 4 of the Spider Nest)
 35751 | Spider:4 | HP: 6/126 [entropy weaver/steaming halberd {flame} (1)]
 35762 | Spider:4 | Reached skill level 10 in Conjurations
 35762 | Spider:4 | Reached skill level 10 in Hexes
 35762 | Spider:4 | Reached skill level 10 in Charms
 35762 | Spider:4 | Reached skill level 10 in Summonings
 35762 | Spider:4 | Reached skill level 10 in Necromancy
 35762 | Spider:4 | Reached skill level 10 in Translocations
 35762 | Spider:4 | Reached skill level 10 in Transmutations
 35762 | Spider:4 | Reached skill level 10 in Fire Magic
 35762 | Spider:4 | Reached skill level 10 in Ice Magic
 35762 | Spider:4 | Reached skill level 10 in Air Magic
 35762 | Spider:4 | Reached skill level 10 in Earth Magic
 35762 | Spider:4 | Reached skill level 10 in Poison Magic
 35980 | Spider:4 | Got a steaming halberd {flame}
 36495 | Spider:4 | Noticed Louise
 36507 | Spider:4 | Killed Louise
 36511 | Spider:4 | Identified the +7 halberd "Gnoll's Foe" {flame, rC+ Int+4}
                  | (You took it off an entropy weaver on level 4 of the Spider
                  | Nest)
 36770 | Spider:4 | Got a gossamer rune of Zot
 37236 | D:4      | Killed Flure's ghost
 37432 | Swamp:1  | Entered Level 1 of the Swamp
 38608 | Swamp:1  | Reached XP level 19. HP: 123/133 MP: 35/35
 39034 | Swamp:2  | Learned a level 5 spell: Bolt of Magma
 39923 | Swamp:3  | Found a runed door.
 39924 | Swamp:3  | Noticed Ihlosi's ghost (adept KoFE)
 39936 | Swamp:3  | Killed Ihlosi's ghost
 40323 | Swamp:4  | Entered Level 4 of the Swamp
 41233 | Swamp:4  | Noticed the 27-headed Lernaean hydra
 41243 | Swamp:4  | Killed the 27-headed Lernaean hydra
 41273 | Swamp:4  | Got a decaying rune of Zot
 41299 | Swamp:4  | Identified a scroll of acquirement
 41303 | Swamp:4  | Got a bloodstained buckler
 41314 | Swamp:4  | Identified the +0 buckler of Anarchy {Stlth+} (You acquired
                  | it on level 4 of the Swamp)
 41902 | Depths:1 | Entered Level 1 of the Depths
 41902 | Depths:1 | Found a one-way gate to the infinite horrors of the Abyss.
 41906 | Depths:1 | Found a gateway to Hell.
 42822 | Depths:1 | Noticed Sojobo
 43425 | Depths:1 | HP: 3/134 [iron troll (22)]
 43425 | Depths:1 | Mangled by an iron troll

Skill      XL: |  1  2  3  4  5  6  7  8  9 10 11 12 13 14 15 16 17 18 19 |
---------------+----------------------------------------------------------+-----
Invocations    | 1 2 3 4 5 6 7 8 9 10 11 12 13 | 13.5
Short Blades   | 1 2 3 4 5 6 7 8 9 10 11 12 | 12.5
Long Blades    | 1 2 3 4 5 6 7 8 9 10 11 12 | 12.5
Maces & Flails | 1 2 3 4 5 6 7 8 9 10 11 12 | 12.5
Polearms       | 1 2 3 4 5 6 7 8 9 10 11 12 | 12.5
Staves         | 1 2 3 4 5 6 7 8 9 10 11 12 | 12.5
Slings         | 1 2 3 4 5 6 7 8 9 10 11 12 | 12.5
Bows           | 1 2 3 4 5 6 7 8 9 10 11 12 | 12.5
Crossbows      | 1 2 3 4 5 6 7 8 9 10 11 12 | 12.5
Armour         | 1 2 3 4 5 6 7 8 9 10 11 12 | 12.5
Stealth        | 1 2 3 4 5 6 7 8 9 10 11 12 | 12.5
Shields        | 1 2 3 4 5 6 7 8 9 10 11 12 | 12.5
Unarmed Combat | 1 2 3 4 5 6 7 8 9 10 11 12 | 12.5
Spellcasting   | 1 2 3 4 5 6 7 8 9 10 11 12 | 12.5
Evocations     | 1 2 3 4 5 6 7 8 9 10 11 12 | 12.5
Conjurations   | 1 2 3 4 5 6 7 8 9 10 | 10.8
Hexes          | 1 2 3 4 5 6 7 8 9 10 | 10.8
Charms         | 1 2 3 4 5 6 7 8 9 10 | 10.8
Summonings     | 1 2 3 4 5 6 7 8 9 10 | 10.8
Necromancy     | 1 2 3 4 5 6 7 8 9 10 | 10.8
Translocations | 1 2 3 4 5 6 7 8 9 10 | 10.8
Transmutations | 1 2 3 4 5 6 7 8 9 10 | 10.8
Fire Magic     | 1 2 3 4 5 6 7 8 9 10 | 10.8
Ice Magic      | 1 2 3 4 5 6 7 8 9 10 | 10.8
Air Magic      | 1 2 3 4 5 6 7 8 9 10 | 10.8
Earth Magic    | 1 2 3 4 5 6 7 8 9 10 | 10.8
Poison Magic   | 1 2 3 4 5 6 7 8 9 10 | 10.8
Fighting       | 5 6 7 8 9 10 11 12 13 | 13.2
Throwing       | 5 6 7 8 9 10 11 12 13 | 13.2
Axes           | 7 8 9 10 11 12 13 | 13.9
Dodging        | 7 8 9 10 11 12 13 | 13.9

Action                   |  1- 3 |  4- 6 |  7- 9 | 10-12 | 13-15 | 16-18 | 19-21 || total
-------------------------+-------+-------+-------+-------+-------+-------+-------++-------
Melee: War axe           |   102 |   157 |   138 |       |       |       |       ||   397
       Bite              |    11 |    24 |    63 |   134 |   159 |   106 |    54 ||   551
       Punch             |       |     1 |     8 |    39 |       |       |       ||    48
       Hand axe          |       |       |   224 |   390 |       |       |       ||   614
       Whip              |       |       |       |   265 |    30 |       |       ||   295
       Broad axe         |       |       |       |    42 |   869 |   755 |   252 ||  1918
       Rapier            |       |       |       |       |       |    14 |    20 ||    34
 Fire: Fustibalus        |       |       |       |       |    21 |    79 |    38 ||   138
Throw: Throwing net      |       |     1 |     4 |     3 |       |     1 |       ||     9
       Javelin           |       |       |       |    11 |    42 |       |       ||    53
 Cast: Animate Dead      |       |       |       |       |     3 |     2 |     2 ||     7
       Regeneration      |       |       |       |       |       |     4 |     6 ||    10
       Bolt of Magma     |       |       |       |       |       |       |     9 ||     9
Invok: Ancestor Life: Ba |       |       |       |     1 |       |       |       ||     1
       Recall Ancestor   |       |       |       |       |     2 |     1 |     1 ||     4
       Idealise          |       |       |       |       |     1 |       |       ||     1
       Transference      |       |       |       |       |       |     2 |       ||     2
Evoke: Wand              |       |       |       |     8 |    10 |     5 |     1 ||    24
       Lightning rod     |       |       |       |       |       |     6 |     7 ||    13
       Lamp of fire      |       |       |       |       |       |     1 |     3 ||     4
       Fan of gales      |       |       |       |       |       |       |     1 ||     1
  Use: Potion            |     2 |       |     2 |     2 |     3 |     3 |       ||    12
       Scroll            |       |     4 |     7 |    12 |    12 |    11 |     3 ||    49
 Stab: Sleeping          |     1 |       |     2 |    10 |    30 |    15 |     3 ||    61
       Held in net/web   |       |       |     1 |     1 |       |       |       ||     2
       Distracted        |       |       |     2 |    14 |     7 |    21 |     6 ||    50
       Confused          |       |       |       |     2 |       |       |       ||     2
       Invisible         |       |       |       |       |     4 |       |       ||     4
  Eat: Chunk             |     1 |     6 |    10 |    28 |    25 |    21 |     7 ||    98
       Ration            |       |       |     1 |       |     5 |     4 |     4 ||    14
Armor: Leather armour    |     7 |       |       |       |       |       |       ||     7
       Scale mail        |    11 |    50 |   144 |    39 |       |       |       ||   244
       Ring mail         |       |       |       |   130 |   154 |       |       ||   284
       Swamp dragon scal |       |       |       |       |    62 |   341 |   138 ||   541
       Chain mail        |       |       |       |       |    26 |       |       ||    26
Dodge: Dodged            |    82 |   127 |   249 |   429 |   652 |   754 |   333 ||  2626
Block: Other             |       |       |       |    48 |       |       |       ||    48
       Buckler           |       |       |       |     9 |   434 |   488 |   223 ||  1154
       Reflection        |       |       |       |       |    30 |     7 |     7 ||    44
